 Dungeon Crawl Stone Soup version 0.31-a0-986-g5e6e4ef867 (webtiles) character file.

Game seed: 4477718331840575097

4 Firecrotchwizard the Changeling (level 1, -1/15 HPs)
             Began as a Merfolk Shapeshifter on Nov 22, 2023.
             Slain by a gnoll
             ... wielding a +0 club
              (3 damage)
             ... on level 1 of the Dungeon.
             The game lasted 00:00:21 (86 turns).

Firecrotchwizard the Changeling (MfSh)                Turns: 86, Time: 00:00:21

Health: -1/15      AC:  2    Str: 14    XL:     1   Next: 70%
Magic:  1/1        EV: 12    Int:  9    God:
Gold:   6          SH:  0    Dex: 13    Spells: 0/0 levels left

rFire   . .          .
                       - Unarmed
rCold   . . .        (no shield)
rNeg    . . .        a - +0 animal skin
rPois   .            (helmet currently unavailable)
rElec   .            (cloak currently unavailable)
rCorr   .            (gloves currently unavailable)
SInv    .            (boots currently unavailable)
Will    .....        (no amulet)
Stlth   +            (no ring)
HPRegen 0.22/turn    (no ring)
MPRegen 0.07/turn

%: no passive effects
@: beast-form
A: beast (slay +2), (nimble swimmer 2), mertail
a: Begin Untransformation


You were on level 1 of the Dungeon.
You were a hulking beast.
You visited 1 branch of the dungeon, and saw 1 of its levels.

You collected 6 gold pieces.

Inventory:

Armour
 a - a +0 animal skin (worn)
Talismans
 c - a beast talisman
 d - a flux talisman
Potions
 b - a potion of lignification


   Skills:
 + Level 1.2 Fighting
 + Level 2.8 Dodging
 * Level 3.4 Unarmed Combat
 + Level 4.1 Shapeshifting


You couldn't memorise any spells.
You didn't know any spells.
Your spell library was empty.

Dungeon Overview and Level Annotations

Branches:
Dungeon (1/15)

Altars:


Innate Abilities, Weirdness & Mutations

You are a hulking beast.
Your limbs bulge with bestial killing power. (Slay +2)
((You are very nimble when in or above water. (Stealth+, EV+, Speed+++)))
Your lower body shifts to a powerful aquatic tail in water.


Message History

Lua error: /dgldir/rcfiles/crawl-git/Firecrotchwizard.rc:334: '' expected near 'end' Welcome, Firecrotchwizard the Merfolk Shapeshifter.
The Orb of Zot is coveted for many reasons.
Will you seize it for your own?
Press ? for a list of commands and other information.
Found a staircase leading out of the dungeon.
A rat comes into view.
The rat twitches its whiskers.
The rat bites you.
You hit the rat.
You kill the rat!
No target in view!
There is a shaft here.
Found a stone staircase leading down.
An endoplasm comes into view.
You see here 6 gold pieces.
You now have 6 gold pieces.
The endoplasm quivers.
The endoplasm hits you.
You hit the endoplasm but do no damage. You hit the endoplasm.
The endoplasm is almost dead.
The endoplasm barely misses you.
You punch the endoplasm!
You kill the endoplasm!
No target in view!
A hobgoblin comes into view.
An endoplasm comes into view.
The hobgoblin shouts!
The endoplasm quivers.
You hit the hobgoblin.
The hobgoblin is almost dead.
The hobgoblin misses you.
You hit the hobgoblin.
You kill the hobgoblin!
The endoplasm freezes you.
You are frozen.
You see here a hobgoblin corpse.
You hit the endoplasm.
You kill the endoplasm!
No target in view!
HP restored.
A gnoll comes into view. It is wielding a +0 club.
The gnoll shouts!
A frilled lizard comes into view.
There is a shaft here.
You hit the gnoll but do no damage. The gnoll hits you with a +0 club!
You hit the gnoll.
The gnoll is moderately wounded.
The gnoll hits you with a +0 club!
* * * LOW HITPOINT WARNING * * *
You hit the gnoll.
The gnoll is heavily wounded.
The gnoll closely misses you.
You barely miss the gnoll.
The gnoll is heavily wounded.
The gnoll hits you with a +0 club.
You die...

######.>.....######
#..................
#..........†.......
#.......g##........
#........#############
#........# #.........
#........# #.........
#........####.........
#........^gh..........
#........####..†......
#........# #.........
########## #.........
##.......##
##.########
##.........###..#
.#.....8.....#..##
....8..8..8....##
#...........###


You could see a gnoll.

Vanquished Creatures
  2 endoplasms (D:1)
  A hobgoblin (D:1)
  A rat (D:1)
4 creatures vanquished.

Notes
Turn   | Place    | Note
-------+----------+-------------------------------------------
     0 | D:1      | Firecrotchwizard the Merfolk Shapeshifter began the quest
                  | for the Orb.
     0 | D:1      | Reached XP level 1. HP: 15/15 MP: 1/1
    86 | D:1      | Slain by a gnoll

Illustrated notes

Levels and vault maps discovered:
D:1:      dreamdust_arrival_beginning_and_end, layout_basic,
          dreamdust_ecumenical_altar_hidden_monk_grotto

Action                     || total
---------------------------++-------
  Melee: Unarmed           ||    11
 Armour: Animal skin       ||     5
  Dodge: Dodged            ||     3

Table legend: (Time is in decaauts)
 A = Elapsed time spent in this place.
 B = Non-inter-level travel time spent in this place.
 C = Inter-level travel time spent in this place.
 D = Time resting spent in this place.
 E = Time spent auto-exploring this place.
 F = Levels seen in this place.
 G = Mean time per level.
                   A        B        C        D        E       F      G
               +--------+--------+--------+--------+--------+-----+--------+
         Total |     85 |     85 |      0 |      0 |     42 |   1 |   85.0 |
       Dungeon |     85 |     85 |      0 |      0 |     42 |   1 |   85.0 |
               +--------+--------+--------+--------+--------+-----+--------+

Top non-repeatable levels by time:
     D:1: 85 daAuts
